 Dungeon Crawl Stone Soup version 0.29.1-1-gd02db6906a (webtiles) character file.

Game seed: 2013365208433381971

93821 EvilAshe the Fighter (level 16, -8/169 (174) HPs)
             Began as an Ogre Air Elementalist on Sept 25, 2022.
             Was the Champion of Nemelex Xobeh.
             Mangled by a swamp worm (22 damage)
             ... on level 3 of the Swamp.
             The game lasted 01:50:35 (32266 turns).

EvilAshe the Fighter (Ogre Air Elementalist)       Turns: 32266, Time: 01:50:35

HP:   -8/169 (174)  AC: 19    Str: 16    XL:     16   Next: 9%
MP:   33/33         EV:  9    Int: 22    God:    Nemelex Xobeh [******]
Gold: 1395          SH:  0    Dex:  9    Spells: 16/42 levels left

rFire   . . .      SeeInvis +   E - +2 battleaxe
rCold   + . .      Faith    .   (shield currently unavailable)
rNeg    + . .      Spirit   .   N - +6 pearl dragon scales of the Echidna {rN+ Regen+ rCorr SInv Stlth+}
rPois   +          Reflect  .   C - +2 hat
rElec   .          Harm     .   (no cloak)
rCorr   +          Rampage  .   (gloves unavailable)
Will    +....                   (boots unavailable)
Stlth   +.........              t - amulet of magic regeneration
HPRegen 1.18/turn               R - ring of protection from cold
MPRegen 0.63/turn               s - ring of poison resistance

@: on berserk cooldown, slowed, lightly drained, very slow
A: large, unfitting armour, tough skin 1
a: Renounce Religion, Draw Escape, Draw Destruction, Draw Summoning, Triple
Draw, Deal Four, Stack Five


You were on level 3 of the Swamp.
You worshipped Nemelex Xobeh.
Nemelex Xobeh was exalted by your worship.
You visited 5 branches of the dungeon, and saw 24 of its levels.
You also visited: Ossuary and Gauntlet.

You collected 1455 gold pieces.
You spent 60 gold pieces at shops.

Inventory:

Hand Weapons
 E - a +2 battleaxe (weapon)
Armour
 C - a +2 hat (worn)
 N - the +6 pearl dragon scales of the Echidna (worn) {rN+ Regen+ rCorr SInv Stlth+}
   (You acquired it on level 4 of the Lair of Beasts)

   rN:        It protects you from negative energy.
   SInv:      It lets you see invisible.
   Regen:     It increases your rate of health regeneration.
   rCorr:     It protects you from acid and corrosion.
   Stlth:     It makes you more stealthy.
 Q - the +16 gold dragon scales "Ywnoss" {rPois rF+ rC+ Stlth+}
   (You acquired it on level 13 of the Dungeon)

   rF:        It protects you from fire.
   rC:        It protects you from cold.
   rPois:     It protects you from poison.
   Stlth:     It makes you more stealthy.
Jewellery
 e - a ring of willpower
 f - an amulet of guardian spirit
 s - a ring of poison resistance (right hand)
 t - an amulet of magic regeneration (around neck)
 x - a +6 ring of dexterity
 G - an amulet of the acrobat
 I - a ring of protection from fire
 K - a ring of positive energy
 R - a ring of protection from cold (left hand)
Wands
 a - a wand of flame (7)
 b - a wand of polymorph (17)
 u - a wand of light (11)
 z - a wand of charming (28)
 J - a wand of digging (13)
 L - a wand of mindburst (5)
Scrolls
 h - 7 scrolls of poison
 i - 4 scrolls of blinking
 n - 4 scrolls of enchant weapon
 o - a scroll of silence
 q - a scroll of fear
 r - 2 scrolls of amnesia
 w - 4 scrolls of butterflies
 y - 4 scrolls of enchant armour
 A - 7 scrolls of teleportation
 H - 4 scrolls of magic mapping
 T - a scroll of summoning
Potions
 c - 2 potions of resistance
 d - 6 potions of heal wounds
 g - a potion of invisibility
 j - 12 potions of curing
 k - 10 potions of brilliance
 l - 3 potions of magic
 m - 2 potions of lignification
 p - 3 potions of mutation
 v - 5 potions of haste
 D - 2 potions of attraction
 M - a potion of ambrosia
 O - 3 potions of might
 P - a potion of cancellation
 S - 3 potions of flight
 U - 2 potions of berserk rage
Miscellaneous
 B - a condenser vane
 F - a phantom mirror


   Skills:
 + Level 14.8 Fighting
 + Level 1.2 Armour
 + Level 11.0 Dodging
 - Level 1.4 Stealth
 + Level 13.7 Spellcasting
 - Level 4.0 Conjurations
 + Level 5.4 Summonings
 + Level 10.7 Translocations
 - Level 10.0 Air Magic
 - Level 8.3 Poison Magic


You had 16 spell levels left.
You knew the following spells:

 Your Spells              Type           Power      Damage    Failure   Level
a - Shock                 Conj/Air       100%       1d9       1%          1
b - Airstrike             Air            28%        2d(4-20)  3%          4
c - Static Discharge      Conj/Air       46%        3-9/arc   1%          2
d - Blink                 Tloc           100%       N/A       1%          2
e - Summon Forest         Summ/Tloc      25%        N/A       21%         5
o - Olgreb's Toxic Radia  Pois           51%        N/A       6%          4
w - Swiftness             Air            56%        N/A       1%          3
z - Manifold Assault      Tloc           58%        N/A       7%          5

Your spell library contained the following spells:

 Spells                   Type           Power      Damage    Failure   Level
 Poisonous Vapours        Pois/Air       100%       N/A       1%          2
 Lesser Beckoning         Tloc           58%        N/A       1%          3
 Mephitic Cloud           Conj/Pois/Air  47%        N/A       2%          3
 Passage of Golubria      Tloc           58%        N/A       2%          4
 Magic Dart               Conj           100%       1d8       3%          1
 Call Imp                 Summ           38%        N/A       3%          2
 Foxfire                  Conj/Fire      96%        2x1d8     9%          1
 Iskenderun's Mystic Bla  Conj/Tloc      47%        2d10      10%         4
 Corpse Rot               Necr/Pois/Air  42%        N/A       16%         4
 Slow                     Hex            60%        N/A       21%         1
 Summon Guardian Golem    Hex/Summ       26%        N/A       21%         3
 Conjure Flame            Conj/Fire      24%        6-21      26%         3
 Dazzling Flash           Conj/Hex       48%        N/A       26%         3
 Scorch                   Fire           30%        2d6       30%         2
 Sublimation of Blood     Necr           15%        N/A       30%         2
 Wereblood                Tmut           15%        N/A       30%         2
 Confusing Touch          Hex            15%        N/A       52%         3
 Frozen Ramparts          Ice            30%        1d5       52%         3
 Inner Flame              Hex/Fire       15%        N/A       52%         3
 Tukima's Dance           Hex            15%        N/A       52%         3
 Vampiric Draining        Necr           15%        2d7       52%         3
 Summon Ice Beast         Ice/Summ       26%        N/A       54%         4
 Flame Wave               Conj/Fire      24%        2d8       65%         4
 Conjure Ball Lightning   Conj/Air       23%        3x3d6     86%         6
 Summon Mana Viper        Hex/Summ       26%        N/A       88%         5
 Anguish                  Hex/Necr       7%         N/A       89%         4
 Cause Fear               Hex            7%         N/A       89%         4
 Ice Form                 Ice/Tmut       15%        N/A       89%         4
 Fireball                 Conj/Fire      12%        3d7       94%         5
 Summon Cactus Giant      Summ           19%        N/A       97%         6
 Yara's Violent Unravell  Hex/Tmut       7%         3d5       99%         5
 Starburst                Conj/Fire      12%        6d5       100%        6
 Enfeeble                 Hex            7%         N/A       100%        7
 Orb of Destruction       Conj           16%        9d7       100%        7
 Ozocubu's Refrigeration  Ice            7%         4d9       100%        7
 Spellforged Servitor     Conj/Summ      17%        N/A       100%        7
 Summon Hydra             Summ           19%        N/A       100%        7
 Discord                  Hex            7%         N/A       100%        8
 Disjunction              Tloc           29%        N/A       100%        8
 Ignition                 Fire           7%         3d5       100%        8


Dungeon Overview and Level Annotations

Branches:
Dungeon (13/15)            Temple (1/1) D:4            Lair (5/5) D:10
  Swamp (4/4) Lair:2        Snake (1/4) Lair:3        Slime (0/5) Lair:4
    Orc (0/2) D:9         Ossuary (visited)         Gauntlet (visited)
 Vaults: D:13-14

Altars:
Ashenzari
Cheibriados
Dithmenos
Elyvilon
Fedhas
Gozag
Hepliaklqana
Kikubaaqudgha
Makhleb
Nemelex Xobeh
Okawaru
Qazlal
Ru
Sif Muna
Trog
Uskayaw
Vehumet
Wu Jian
Xom
Yredelemnul
Zin
The Shining One
Jiyva

Shops:
D:4 [*!((   D:5 *   Swamp:2 *

Annotations:
D:8 1 runed translucent door, emikaela's ghost, novice OpCA
D:11 exclusion: orange crystal statue
Swamp:3 3 runed translucent doors, Jacimip's ghost, journeyman HaHu


Innate Abilities, Weirdness & Mutations

You are too large for most types of armour.
You have tough skin. (AC +1)


Message History

The swamp worm looks more healthy.
The moth of wrath looks more healthy.
The swamp worm bites you but does no damage.
The moth of wrath barely misses you. The swamp worm bites you!
The torpor snail completely misses you. The moth of wrath bites you!
The swamp worm bites you.
You barely miss the moth of wrath.
The moth of wrath is heavily wounded.
You hit the torpor snail. You closely miss the swamp worm.
The swamp worm closely misses you. The torpor snail bites you!
The moth of wrath bites you but does no damage.
The swamp worm bites you!!
* * * LOW HITPOINT WARNING * * *
The torpor snail barely misses you.
The moth of wrath bites you but does no damage.
The swamp worm bites you.
* * * LOW HITPOINT WARNING * * *
There is a stone staircase leading up, spattered with blood here.
You feel a strong urge to attack something.
The swamp worm bites you but does no damage.
The moth of wrath bites you but does no damage.
The torpor snail bites you!
* * * LOW HITPOINT WARNING * * *
The swamp worm bites you!
* * * LOW HITPOINT WARNING * * *
The moth of wrath bites you but does no damage.
The torpor snail bites you!!
* * * LOW HITPOINT WARNING * * *
You climb upwards.
Level annotation: 3 runed translucent doors, Jacimip's ghost, journeyman HaHu
There is a stone staircase leading down, spattered with blood here.
You are too berserk!
You slash the swamp worm!
The swamp worm is severely wounded.
You hit the torpor snail. You closely miss the moth of wrath.
You are no longer berserk.
You are exhausted.
You feel as though you will be slow longer.
The swamp worm bites you!!
You die...
Your body glows with a rainbow of weird colours and disappears.

~..~~~~.~~~.♣♣♣♣♣♣
~~~§~~~.~~~~♣~♣♣~♣♣
..~~~~~~~~...?~...♣
...<~~~~~~~~~~~~~~♣♣
.?♣..~~~.~~~~~~~~.~♣
......~♣~.~~~~~~§♣♣♣
~~~~...♣~...~~~.♣~~♣♣
~~~~~..~..~♣♣..♣♣~~§♣
~..~~..~~~~.♣~.♣@w~.♣
~~~~~...~~~.♣♣♣y.w.♣♣
~.~..~.~~~~.♣♣♣♣♣..♣
..~~...§~~~..~♣♣♣.♣♣
....~~...§~.[>~♣♣~♣
~..~~~.~~..~.~♣♣♣~♣
~..~~.♣♣♣~..♣♣♣♣♣♣♣
~~§.~♣♣♣♣...?..♣
~~~...~♣....~~~♣


You could see a torpor snail (berserk, poisoned), a moth of wrath and a swamp
worm (berserk).

Vanquished Creatures
  Nikola (Swamp:3)
  A fenstrider witch (Swamp:4)
  2 eleionomae
  A spark wasp (Lair:1)
  5 bunyips
  2 ghost crabs (Swamp:2)
  3 boulder beetles
  7 hydras
  3 two-headed ogres
  6 alligators
  A tengu warrior (D:13)
  9 spriggans
  Sonja (D:9)
  3 spriggan druids
  4 skeletal warriors (D:13)
  3 goliath frogs
  4 swamp dragons
  3 bog bodies
  2 deep elf pyromancers
  A cyclops (D:12)
  4 will-o-the-wisps
  2 ugly things
  7 black mambas
  A gargoyle (D:11)
  16 cane toads
  An unseen horror (shapeshifter) (D:13)
  A rime drake (Lair:1)
  2 kobold demonologists (D:12)
  8 komodo dragons
  A tengu conjurer (D:13)
  2 trolls
  A bloated husk (Swamp:2)
  4 slime creatures (D:13)
  10 hornets
  Grinder (D:6)
  A polar bear (Lair:4)
  Prince Ribbit (D:7)
  12 tyrant leeches
  29 blink frogs
  A dream sheep (Lair:5)
  3 shadows (D:9)
  A basilisk (Lair:4)
  2 wraiths
  A hog (shapeshifter) (D:13)
  5 wyverns
  25 yaks
  A steam dragon (D:6)
  A basilisk (shapeshifter) (D:12)
  12 vampire mosquitoes
  11 swamp worms
  3 nagas (Lair:3)
  An acid dragon (D:11)
  2 two-headed ogre zombies (D:9)
  9 water moccasins
  4 black bears
  6 swamp drakes
  An ice beast (shapeshifter) (D:11)
  3 wolves (Lair:1)
  6 centaurs
  2 phantoms (D:7)
  4 kobold brigands
  A gnoll sergeant (D:9)
  4 scorpions
  A necrophage (D:7)
  16 bullfrogs
  11 wights
  6 killer bees (D:9)
  7 howler monkeys
  An electric eel (Lair:5)
  2 human zombies (Ossuary)
  7 orc priests
  15 jellies
  2 hounds
  A gnoll bouda (D:10)
  3 iguanas
  12 orc wizards
  5 hell rats (Lair:4)
  4 ogre zombies (D:9)
  2 mummies (Ossuary)
  6 gnolls (D:9)
  9 adders
  4 river rats (Lair:4)
  3 white imps
  2 adder zombies (Ossuary)
  3 worms
  46 orcs
  4 ball pythons (D:2)
  3 bats
  5 endoplasms
  2 giant cockroaches (D:1)
  3 goblins
  3 hobgoblins (D:2)
  15 jackals
  14 kobolds
  3 quokkas
  3 frilled lizards
  4 goblin zombies
  2 hobgoblin skeletons (D:9)
  10 hobgoblin zombies
  15 kobold zombies (Ossuary)
  3 orc skeletons (D:9)
  23 orc zombies
  11 rats
566 creatures vanquished.

Vanquished Creatures (collateral kills)
  2 boulder beetles
  2 two-headed ogres
  An alligator (Swamp:3)
  A cyclops (D:13)
  An elephant (D:10)
  3 cane toads (Lair:5)
  A komodo dragon (Lair:5)
  3 dream sheep (Lair:5)
  A blink frog (Lair:5)
  A water moccasin (Lair:1)
  An orc warrior (D:9)
  2 wolves (Lair:1)
19 creatures vanquished.

Vanquished Creatures (others)
  An alligator (Swamp:1)
  A hornet (Swamp:3)
  12 demonic plants (Gauntlet)
  35 foxfires
  39 fungi
  102 plants
190 creatures vanquished.

Grand Total: 775 creatures vanquished

Notes
Turn   | Place    | Note
-------+----------+-------------------------------------------
     0 | D:1      | EvilAshe the Ogre Air Elementalist began the quest for the
                  | Orb.
     0 | D:1      | Reached XP level 1. HP: 16/16 MP: 3/3
   120 | D:1      | Reached skill level 1 in Conjurations
   361 | D:1      | Reached XP level 2. HP: 21/24 MP: 2/5
   399 | D:1      | Learned a level 2 spell: Static Discharge
   591 | D:1      | Found a faded altar of an unknown god.
  1078 | D:2      | Reached XP level 3. HP: 31/31 MP: 4/7
  1110 | D:2      | Learned a level 3 spell: Swiftness
  1361 | D:2      | Found a glowing golden altar of the Shining One.
  1786 | D:2      | Reached XP level 4. HP: 16/39 MP: 1/8
  2490 | D:3      | Reached XP level 5. HP: 45/45 MP: 4/10
  2729 | D:3      | Found a white marble altar of Elyvilon.
  3307 | D:3      | Reached XP level 6. HP: 29/53 MP: 3/11
  3766 | D:4      | Found a sand-covered staircase.
  3776 | Ossuary  | Entered an ossuary
  4307 | Ossuary  | Reached skill level 5 in Air Magic
  4441 | D:4      | Found a staircase to the Ecumenical Temple.
  4449 | Temple   | Entered the Ecumenical Temple
  4768 | Temple   | Became a worshipper of Nemelex Xobeh the Trickster
  4901 | D:4      | Noticed a black bear
  4909 | D:4      | Reached XP level 7. HP: 59/59 MP: 8/13
  5085 | D:4      | Learned a level 4 spell: Airstrike
  5149 | D:4      | Found Fodoghen's Assorted Antiques.
  5363 | D:4      | Found Xetokhluoc's Antique Weapon Shop.
  5520 | D:4      | Found Oxyunn's Antique Armour Boutique.
  5754 | D:4      | Found Fuith's Weapon Shop.
  5847 | D:4      | Found Finop's Distillery.
  5854 | D:4      | Bought 2 potions of curing for 60 gold pieces
  6194 | D:5      | Entered Level 5 of the Dungeon
  6461 | D:5      | Reached skill level 5 in Spellcasting
  6939 | D:5      | Found a shimmering blue altar of Sif Muna.
  6956 | D:5      | Reached XP level 8. HP: 61/67 MP: 12/15
  7044 | D:5      | Reached * piety under Nemelex Xobeh
  7053 | D:5      | Found a blossoming altar of Fedhas.
  7167 | D:5      | Found Xiechaaf's Assorted Antiques.
  7365 | D:5      | Received a gift from Nemelex Xobeh
  7528 | D:5      | Learned a level 2 spell: Blink
  7529 | D:6      | Noticed Grinder
  7536 | D:6      | Killed Grinder
  7537 | D:6      | Reached skill level 1 in Fighting
  7578 | D:6      | Reached skill level 1 in Translocations
  7716 | D:6      | Reached skill level 2 in Fighting
  8060 | D:6      | Reached ** piety under Nemelex Xobeh
  8175 | D:6      | Reached skill level 3 in Fighting
  8475 | D:6      | Reached XP level 9. HP: 81/83 MP: 15/18
  9051 | D:7      | You fall into a shaft and drop 2 floors!
  9120 | D:8      | Reached skill level 4 in Fighting
  9164 | D:8      | Found a bloodstained altar of Trog.
  9257 | D:7      | Reached *** piety under Nemelex Xobeh
  9448 | D:7      | Noticed a hornet
  9452 | D:7      | Killed a hornet
  9732 | D:7      | Noticed Prince Ribbit
  9745 | D:7      | Killed Prince Ribbit
 10616 | D:8      | Found an ornate altar of the Wu Jian Council.
 10664 | D:8      | Found a burning altar of Makhleb.
 10664 | D:8      | Found a snail-covered altar of Cheibriados.
 10672 | D:8      | Found a faded altar of an unknown god.
 10674 | D:8      | Found a faded altar of an unknown god.
 10676 | D:8      | Found a radiant altar of Vehumet.
 10711 | D:8      | Reached skill level 5 in Fighting
 10986 | D:8      | Found a runed translucent door.
 10987 | D:8      | Noticed emikaela's ghost (novice OpCA)
 10989 | D:8      | Noticed a boulder beetle
 11103 | D:8      | Noticed a two-headed ogre
 11321 | D:9      | Noticed a troll
 11801 | D:8      | Reached XP level 10. HP: 96/96 MP: 18/20
 12797 | D:9      | Found a staircase to the Orcish Mines.
 13234 | D:9      | Paralysed by a hornet for 2 turns
 13470 | D:9      | Reached skill level 6 in Fighting
 13654 | D:9      | Received a gift from Nemelex Xobeh
 13771 | D:9      | Reached **** piety under Nemelex Xobeh
 14080 | D:9      | Reached skill level 5 in Dodging
 14491 | D:9      | Learned a level 4 spell: Olgreb's Toxic Radiance
 14512 | D:9      | Reached skill level 7 in Fighting
 14610 | D:8      | Killed a two-headed ogre
 14611 | D:8      | Reached skill level 5 in Translocations
 14611 | D:8      | Reached skill level 1 in Poison Magic
 14611 | D:8      | Reached XP level 11. HP: 107/109 MP: 8/23
 14746 | D:10     | Entered Level 10 of the Dungeon
 14751 | D:10     | Found a staircase to the Lair.
 14994 | D:10     | Noticed Sonja
 15006 | D:9      | Killed Sonja
 15307 | D:10     | Noticed a two-headed ogre
 15309 | D:10     | Killed a two-headed ogre
 15356 | D:10     | Reached skill level 8 in Fighting
 15661 | D:10     | Received a gift from Nemelex Xobeh
 16335 | D:11     | Noticed an orange crystal statue
 16603 | D:11     | Noticed a deep elf pyromancer
 16666 | D:11     | Noticed a green ugly thing
 16674 | D:11     | Killed a green ugly thing
 16747 | D:11     | Received a gift from Nemelex Xobeh
 16977 | D:11     | Noticed a cyclops
 16995 | D:11     | Killed a deep elf pyromancer
 17145 | D:11     | Noticed a two-headed ogre
 17159 | D:11     | Killed a two-headed ogre
 17361 | D:11     | Reached skill level 9 in Fighting
 17484 | Lair:1   | Entered Level 1 of the Lair of Beasts
 17506 | Lair:1   | Received a gift from Nemelex Xobeh
 17517 | Lair:1   | Noticed a boulder beetle
 17519 | Lair:1   | Noticed a spark wasp
 17519 | Lair:1   | a boulder beetle changed into a spark wasp
 17524 | Lair:1   | Killed a spark wasp
 17532 | Lair:1   | Reached XP level 12. HP: 69/123 MP: 3/25
 17750 | Lair:1   | Found a gate leading to a gauntlet.
 17759 | Gauntlet | Entered a Gauntlet
 17759 | Gauntlet | Found a large runed translucent door.
 17759 | Gauntlet | Found a large runed translucent door.
 17759 | Gauntlet | Found a large runed translucent door.
 17759 | Gauntlet | Found a large runed translucent door.
 17759 | Gauntlet | Found a large runed translucent door.
 17759 | Gauntlet | Found a large runed translucent door.
 17759 | Gauntlet | Found a large runed translucent door.
 17759 | Gauntlet | Found a large runed translucent door.
 17759 | Gauntlet | Found a runed translucent door.
 17759 | Gauntlet | Found a runed translucent gate.
 17759 | Gauntlet | Found a transporter.
 17759 | Gauntlet | Found a transporter.
 17759 | Gauntlet | Found a runed translucent gate.
 17759 | Gauntlet | Found a transporter.
 17759 | Gauntlet | Found a transporter.
 17762 | Gauntlet | Reached ***** piety under Nemelex Xobeh
 17763 | Gauntlet | Found a transporter.
 17763 | Gauntlet | Found a transporter.
 17777 | Gauntlet | Found a transporter.
 17779 | Gauntlet | Found a transporter.
 17780 | Gauntlet | Found a transporter.
 17780 | Gauntlet | Found a transporter.
 17788 | Gauntlet | Noticed a blizzard demon
 17795 | Gauntlet | Found a transporter.
 17812 | Gauntlet | Found a transporter.
 17849 | Gauntlet | Found a runed translucent gate.
 17850 | Gauntlet | Found a large runed translucent door.
 17850 | Gauntlet | Found a large runed translucent door.
 17851 | Gauntlet | Found a large runed translucent door.
 17852 | Gauntlet | Found a large runed translucent door.
 17853 | Gauntlet | Found a large runed translucent door.
 17853 | Gauntlet | Found a large runed translucent door.
 17853 | Gauntlet | Found a runed translucent door.
 17854 | Gauntlet | Found a large runed translucent door.
 17855 | Gauntlet | Found a large runed translucent door.
 18216 | Lair:1   | Received a gift from Nemelex Xobeh
 18703 | Lair:2   | Learned a level 5 spell: Manifold Assault
 19241 | Lair:2   | Reached skill level 10 in Spellcasting
 19286 | Lair:2   | Reached skill level 10 in Fighting
 19306 | Lair:2   | Noticed a boulder beetle
 19404 | Lair:2   | Received a gift from Nemelex Xobeh
 19687 | Lair:2   | Reached skill level 5 in Poison Magic
 20266 | Lair:2   | Found a staircase to the Swamp.
 20281 | Lair:2   | Killed a boulder beetle
 20757 | Lair:2   | Reached skill level 11 in Fighting
 20757 | Lair:2   | Reached XP level 13. HP: 137/137 MP: 26/28
 20764 | Lair:2   | Learned a level 5 spell: Summon Forest
 20920 | Lair:3   | Found a staircase to the Snake Pit.
 20996 | Lair:3   | Reached skill level 1 in Summonings
 21433 | Lair:3   | Received a gift from Nemelex Xobeh
 22408 | Lair:4   | Reached XP level 14. HP: 148/148 MP: 20/29
 22667 | Lair:4   | Identified a scroll of acquirement
 22668 | Lair:4   | Acquired the +6 pearl dragon scales of the Echidna {rN+
                  | Regen+ rCorr SInv Stlth+}
 22752 | Lair:4   | Received a gift from Nemelex Xobeh
 22760 | Lair:4   | Found a staircase to the Slime Pits.
 22763 | Lair:4   | Found a viscous altar of Jiyva.
 22793 | Lair:4   | Reached skill level 12 in Fighting
 23814 | Lair:5   | Entered Level 5 of the Lair of Beasts
 23967 | Lair:5   | Received a gift from Nemelex Xobeh
 24612 | Lair:5   | Reached ****** piety under Nemelex Xobeh
 24878 | Lair:5   | Received a gift from Nemelex Xobeh
 25707 | D:12     | Reached skill level 10 in Air Magic
 25767 | D:12     | Received a gift from Nemelex Xobeh
 25842 | D:12     | Reached skill level 13 in Fighting
 26257 | D:12     | Received a gift from Nemelex Xobeh
 26694 | D:13     | Acquired the +16 gold dragon scales "Ywnoss" {rPois rF+ rC+
                  | Stlth+}
 27201 | D:13     | Reached XP level 15. HP: 143/161 MP: 3/31
 27934 | Snake:1  | Entered Level 1 of the Snake Pit
 28001 | Swamp:1  | Entered Level 1 of the Swamp
 28012 | Swamp:1  | Reached skill level 10 in Dodging
 28888 | Swamp:2  | Received a gift from Nemelex Xobeh
 29103 | Swamp:2  | Reached skill level 10 in Translocations
 29245 | Swamp:2  | Reached skill level 14 in Fighting
 29415 | Swamp:2  | Found Sioddieh's Island Escapes.
 30009 | Swamp:3  | Noticed Nikola
 30944 | Swamp:3  | Found a runed translucent gate.
 30944 | Swamp:3  | Found a runed translucent gate.
 30944 | Swamp:3  | Found a runed translucent gate.
 31010 | Swamp:3  | Noticed Jacimip's ghost (journeyman HaHu)
 31043 | Swamp:3  | Received a gift from Nemelex Xobeh
 31110 | Swamp:3  | Killed Nikola
 31111 | Swamp:3  | Reached skill level 5 in Summonings
 31562 | Swamp:4  | Entered Level 4 of the Swamp
 31670 | Swamp:4  | Noticed a fenstrider witch
 31677 | Swamp:4  | Killed a fenstrider witch
 31678 | Swamp:4  | Reached XP level 16. HP: 172/174 MP: 19/33
 32041 | Swamp:3  | Reached skill level 1 in Armour
 32266 | Swamp:3  | Mangled by a swamp worm

Illustrated notes

Levels and vault maps discovered:
D:1:      kilobyte_arrival_exit_the_forest, layout_rooms, basic_ecumenical_altar
D:2:      layout_rooms, basic_altar
D:3:      layout_rooms, mainiacjoe_overflow_six_doors_small,
          cheibrodos_sewer_entry_bend
D:4:      layout_basic, minmay_temple_entry_offerings, serial_shops, shop,
          nicolae_shop_overgrown_old_shop, nicolae_stop_n_shop_1, shop,
          nicolae_square_shop, enter_ossuary_1
D:5:      layout_basic, fedhas_ov_isle_minmay, lemuel_crystal_altar,
          serial_shops, nicolae_shop_behind_doors, hangedman_decor_points,
          patterned_corridor
D:6:      layout_gridville, uniq_grinder
D:7:      layout_basic, uniq_prince_ribbit1
D:8:      layout_loops_ring, nicolae_overflow_crystal_walls,
          mainiacjoe_overflow_alcove_2, chequers_temple_overflow_minitemple,
          ebering_ghost_inner_flame
D:9:      layout_grid_maze, zombieorc2_lemuel
D:10:     layout_cave_pools, david_lair_generic, uniq_sonja
D:11:     nzn_winding_woodlands_small
          [nzn_winding_woodlands_5x15_river_crossing,
          nzn_winding_woodlands_center_diamonds,
          nzn_winding_woodlands_5x15_sidewinder], layout_loops_ring,
          minmay_protected_statue
D:12:     layout_irregular_city, drop_trap, grunt_ministairs_10,
          serial_park_tiny_2
D:13:     layout_roguey
Temple:   minmay_temple_curvy_branch
Lair:1:   layout_cellular_growth, gauntlet_entry_generic
Lair:2:   layout_regular_city, minmay_swamp_entry_reptiles, lemuel_fruit_fields,
          serial_bayou_shore_a
Lair:3:   layout_cave_pods, guppyfry_snake_entry_island,
          chequers_serial_rivers_large_a, nicolae_lair_grazing_beasts
          [nicolae_sub_lair_graze_edge, nicolae_sub_lair_graze_edge,
          nicolae_sub_lair_graze_edge, nicolae_sub_lair_graze_edge]
Lair:4:   layout_gridlike, minmay_slime_entry_jelly_boxes,
          kennysheep_abandoned_house
Lair:5:   minmay_lair_end_frog_pond, layout_regular_city
Swamp:1:  layout_basic_swamp, serial_swamp_ruin, evilmike_swamp_ruin_house_5,
          evilmike_swamp_ruin_rubble_2
Swamp:2:  layout_basic_swamp, evilmike_swamp_ruin_house_6, swamp_pool1,
          nicolae_island_escapes
Swamp:3:  layout_basic_swamp, ebering_ghost_rock_garden,
          evilmike_swamp_ruin_house_4, swamp_pool5, nzn_swamp_stair_ambush,
          infiniplex_staircase_pool, uniq_nikola
Swamp:4:  swamp_vile, layout_basic_swamp, worms_lemuel
Snake:1:  gammafunk_sealed_library, layout_rooms, basic_altar, evilmike_ambush
          [evilmike_ambush_outer_basic, evilmike_ambush_inner_basic]

Skill      XL: |  1  2  3  4  5  6  7  8  9 10 11 12 13 14 15 16 |
---------------+-------------------------------------------------+-----
Conjurations   | 1 2 3 4 |  4.0
Air Magic      | 3 4 5 6 7 8 9 10 | 10.0
Spellcasting   | 3 4 5 6 7 8 9 11 12 13 | 13.7
Fighting       | 3 5 7 9 11 13 14 | 14.8
Dodging        | 3 4 5 6 8 9 10 11 | 11.0
Translocations | 2 3 5 6 8 9 10 | 10.7
Poison Magic   | 1 4 6 8 |  8.3
Summonings     | 1 2 5 |  5.4
Armour         | 1 |  1.2
Stealth        | |  1.4

Action                   |  1- 3 |  4- 6 |  7- 9 | 10-12 | 13-15 | 16-18 || total
-------------------------+-------+-------+-------+-------+-------+-------++-------
Melee: Whip              |    33 |    85 |       |       |       |       ||   118
       Punch             |       |     1 |       |       |       |       ||     1
       Long sword        |       |       |    46 |    13 |       |       ||    59
       Trident           |       |       |       |     2 |       |       ||     2
       Battleaxe         |       |       |       |    54 |   149 |    17 ||   220
 Cast: Shock             |    72 |   139 |   175 |   186 |    37 |       ||   609
       Static Discharge  |     2 |     8 |     5 |    27 |    18 |       ||    60
       Airstrike         |       |       |    43 |   165 |   521 |    42 ||   771
       Blink             |       |       |     4 |     2 |     2 |       ||     8
       Swiftness         |       |       |       |     1 |       |       ||     1
       Olgreb's Toxic Ra |       |       |       |     6 |    23 |     2 ||    31
       Manifold Assault  |       |       |       |     5 |     3 |       ||     8
       Summon Forest     |       |       |       |       |     1 |       ||     1
Invok: Draw Summoning    |       |       |       |     6 |    10 |     1 ||    17
       Draw Destruction  |       |       |       |     5 |    13 |       ||    18
       Draw Escape       |       |       |       |     1 |       |       ||     1
Evoke: Wand              |       |       |     2 |     2 |    11 |       ||    15
  Use: Potion            |     1 |       |       |     1 |     1 |       ||     3
       Scroll            |       |    10 |     6 |    10 |    11 |     1 ||    38
 Stab: Sleeping          |       |     1 |     1 |       |       |       ||     2
       Distracted        |       |       |       |       |     1 |       ||     1
Armor: Robe              |    39 |    48 |     8 |       |       |       ||    95
       Steam dragon scal |       |       |    49 |    75 |    24 |       ||   148
       Pearl dragon scal |       |       |       |       |   273 |    73 ||   346
Dodge: Dodged            |    49 |    82 |    74 |   126 |   207 |    44 ||   582
